 Dungeon Crawl Stone Soup version 0.14-a0-2119-ge69afc6 (webtiles) character file.

403 HollowCharge the Chopper (level 5, -3/45 HPs)
             Began as a Demigod Gladiator on Jan 26, 2014.
             Slain by a sky beast (6 damage)
             ... on Level 5 of the Dungeon.
             The game lasted 00:16:34 (3807 turns).

HollowCharge the Chopper (Demigod Gladiator)        Turns: 3807, Time: 00:16:34

HP  -3/45        AC  9     Str 20      XL: 5   Next: 64%
MP   8/8         EV 11     Int 12      God:
Gold 142         SH  0     Dex 17      Spells:  0 memorised,  4 levels left

rFire  . . .     SeeInvis .     a - +1,+0 hand axe
rCold  . . .     Clarity  .     p - +2 ring mail
rNeg   + . .     Conserve .     (no shield)
rPois  .         rCorr    .     c - +0 helmet
rElec  .         rRot     .     (no cloak)
SustAb . .       Spirit   .     (no gloves)
rMut   .         Warding  +     g - +0 pair of boots
Saprov . . .     Stasis   .     q - amulet of warding
MR     .....                    (no ring)
                                (no ring)

@: not resistant to hostile enchantments, very unstealthy
A: no striking features
a: no special abilities


You were on level 5 of the Dungeon.
You were hungry.

You visited 1 branch of the dungeon, and saw 5 of its levels.

You collected 142 gold pieces.

Inventory:

Hand weapons
 a - a +1,+0 hand axe (weapon)
Missiles
 d - 3 throwing nets (quivered)
Armour
 c - a +0 helmet (worn)
 g - a +0 pair of boots (worn)
 p - a +2 ring mail (worn)
Comestibles
 f - 2 bread rations
 l - a meat ration
 n - 2 apples
Scrolls
 e - a scroll of curse armour {unknown}
 j - 3 scrolls of teleportation
 o - 2 scrolls of remove curse
Jewellery
 q - an amulet of warding (around neck)
Potions
 b - a potion of brilliance {unknown}
 i - 2 potions of heal wounds
 k - 2 potions of speed
 m - 2 potions of poison {unknown}
 r - a potion of mutation {unknown}
 t - a potion of curing {unknown}


   Skills:
 + Level 3.3 Fighting
 * Level 4.1 Axes
 - Level 1.7 Throwing
 + Level 2.2 Armour
 + Level 3.5 Dodging


You had 4 spell levels left.
You didn't know any spells.

Dungeon Overview and Level Annotations

Branches:
Dungeon (5/16)
 Temple: D:4-7

Shops:
D:5 }


Message History

You hit something. Something hits you but does no damage.
You miss something. Something hits you but does no damage.
The crimson imp shouts, "Take thy face hence, thou yeasty saucy apple-john!"
Something hits you. Something shocks you.
You barely miss something. Something hits you. Something shocks you!
* * * LOW HITPOINT WARNING * * *
You hit something. The crimson imp breathes mist at you. Something hits you.
* * * LOW HITPOINT WARNING * * *
Something shocks you.
* * * LOW HITPOINT WARNING * * *
You miss something. The crimson imp closely misses you.
Something hits you but does no damage.
You hit something.
The crimson imp blinks!
A sky beast appears from thin air!
Reactivating autopickup.
The sky beast hits you.
* * * LOW HITPOINT WARNING * * *
The sky beast shocks you!
You die...

...................
............#........
......................
..........#........#...
........................
............###.........
.......%.....#∩'.........
........<...§###..#......
..§.....%...@............
...#.......I.............
....$....................
...........5.............
......#.......##.......
............#.........
.....................
....##....(....... ...#
##..........


You could see a sky beast and a crimson imp.

Vanquished Creatures
  A centaur skeleton (D:4)
  2 worker ants (D:4)
  An orc wizard (D:4)
  6 adders
  3 worms
  A giant mite (D:2)
  2 giant geckos
  4 orcs
  4 giant cockroaches
  5 goblins
  13 hobgoblins
  5 jackals (D:3)
  7 bats
  4 giant newts
  9 kobolds
  An orc skeleton (D:4)
  An orc zombie (D:5)
  11 rats
80 creatures vanquished.

Notes
Turn   | Place    | Note
--------------------------------------------------------------
     0 | D:1      | HollowCharge, the Demigod Gladiator, began the quest for the Orb.
     0 | D:1      | Reached XP level 1. HP: 17/17 MP: 2/2
   523 | D:1      | Reached XP level 2. HP: 24/24 MP: 3/3
   551 | D:1      | Reached skill level 3 in Axes
  1269 | D:2      | Reached XP level 3. HP: 15/30 MP: 5/5
  1519 | D:2      | Reached skill level 1 in Armour
  1621 | D:2      | Found a white marble altar of Elyvilon.
  1896 | D:3      | Found a shadowy altar of Dithmengos.
  1916 | D:3      | Reached XP level 4. HP: 30/37 MP: 7/7
  2789 | D:4      | Reached XP level 5. HP: 35/45 MP: 8/8
  3005 | D:4      | Noticed a phantom
  3081 | D:4      | Reached skill level 4 in Axes
  3369 | D:4      | Noticed an ogre
  3733 | D:5      | Entered Level 5 of the Dungeon
  3733 | D:5      | Found Ruusuy's Gadget Shoppe.
  3783 | D:5      | Noticed a sky beast
  3807 | D:5      | Slain by a sky beast

Action                   |  1- 3 |  4- 6 || total
-------------------------+-------+-------++-------
Melee: Hand axe          |   155 |   239 ||   394
  Use: Scroll            |     4 |     7 ||    11
